 Dungeon Crawl Stone Soup version 0.22-a0-525-gf69a080 (webtiles) character file.

30 iamserjio the Insei (level 3, 0/18 HPs)
             Began as a Vine Stalker Skald on June 21, 2018.
             Slain by Robin
             ... wielding a +0 dagger
              (2 damage)
             ... on level 2 of the Dungeon.
             The game lasted 00:03:44 (398 turns).

iamserjio the Insei (Vine Stalker Skald)             Turns: 398, Time: 00:03:44

Health: 0/18       AC:  5    Str: 13    XL:     3   Next: 18%
Magic:  0/7        EV: 10    Int: 14    God:
Gold:   65         SH:  0    Dex: 13    Spells: 3/6 levels left

rFire    . . .     SeeInvis .   n - +0 long sword
rCold    . . .     Gourm    .   (no shield)
rNeg     . . .     Faith    .   j - +0 ring mail
rPois    .         Spirit   +   (no helmet)
rElec    .         Reflect  .   (no cloak)
rCorr    .         Harm     .   (no gloves)
MR       .....                  (no boots)
Stlth    +.........             (no amulet)
HPRegen  0.06/turn              (no ring)
MPRegen  0.10/turn              (no ring)

@: singing (expiring), flying
A: fangs 2, magic shield, antimagic bite, no potion heal 3, rot immunity
a: no special abilities


You were on level 2 of the Dungeon.
You were not hungry.

You visited 1 branch of the dungeon, and saw 2 of its levels.

You collected 65 gold pieces.

Inventory:

Hand Weapons
 b - a +0 club
 d - a +0 dagger
 n - a +0 long sword (weapon)
Missiles
 l - 4 needles of confusion
 m - 11 poisoned needles
Armour
 a - a +0 leather armour
 j - a +0 ring mail (worn)
Scrolls
 e - a scroll of teleportation {unknown}
 f - a scroll of identify {unknown}
 g - 2 scrolls of amnesia {unknown}
Potions
 i - a potion of curing {unknown}
 k - a potion of heal wounds {unknown}
Comestibles
 c - 6 rations


   Skills:
 + Level 2.2 Fighting
 - Level 0.7 Armour
 - Level 1.5 Dodging
 * Level 3.1 Unarmed Combat
 - Level 2.1 Spellcasting
 - Level 3.0 Charms


You had 3 spell levels left.
You knew the following spells:

 Your Spells              Type           Power        Failure   Level  Hunger
a - Infusion              Chrm           #...         14%         1    #......
b - Song of Slaying       Chrm           #.......     22%         2    ###....

Your spell library contained the following spells:

 Spells                   Type           Power        Failure   Level  Hunger
 Regeneration             Chrm/Necr      #.........   63%         3    ###....
 Shroud of Golubria       Chrm/Tloc      #.........   38%         2    ###....
 Spectral Weapon          Hex/Chrm       #.......     63%         3    ###....


Dungeon Overview and Level Annotations

Branches:
Dungeon (2/15)

Altars:
Ru

Annotations:
D:2 Robin


Innate Abilities, Weirdness & Mutations

You have extremely sharp teeth.
When hurt, damage is shared between your health and your magic reserves.
Your bite disrupts and absorbs the magic of your enemies.
Potions cannot restore your health.
You are immune to rotting.


Message History

Robin roars a battlecry!
The goblins go into a battle-frenzy!
Robin hits you but does no damage.
You barely miss Robin. Robin hits you with a dagger.
* * * LOW HITPOINT WARNING * * *
You closely miss Robin. Robin barely misses you.
You riposte.
You closely miss Robin. Robin hits you but does no damage.
You hit Robin. You punch Robin.
Robin is moderately wounded.
You are no longer magically infusing your attacks.
Robin closely misses you.
You slash Robin!
Robin is almost dead.
Your song is almost over.
Robin hits you with a dagger.
* * * LOW HITPOINT WARNING * * *
It was a potion of flight.
You feel very buoyant.
You fly up into the air.
Robin hits you with a dagger.
You die... .... ..... .... .gs

#.###
#.gS#
###g#
#g#
#@#
#.#
#.#
#.#
#.#
#.#
#.#
#.#
#.#


You could see Robin, an adder, a hobgoblin and a goblin.

Vanquished Creatures
  A dart slug (D:1)
  2 bats (D:1)
  A giant cockroach (D:1)
  7 goblins
  3 hobgoblins
  3 kobolds (D:1)
  2 frilled lizards
  7 rats (D:1)
26 creatures vanquished.

Notes
Turn   | Place    | Note
-------+----------+-------------------------------------------
     0 | D:1      | iamserjio the Vine Stalker Skald began the quest for the Orb.
     0 | D:1      | Reached XP level 1. HP: 11/11 MP: 4/4
    80 | D:1      | Reached XP level 2. HP: 4/15 MP: 0/6
   293 | D:1      | Learned a level 2 spell: Song of Slaying
   322 | D:2      | Found a sacrificial altar of Ru.
   364 | D:2      | Noticed Robin
   373 | D:2      | Reached XP level 3. HP: 16/18 MP: 4/7
   398 | D:2      | Slain by Robin

Vault maps used:
D:1:      minmay_arrival_four_circles, minmay_rat_gold_closets
D:2:      minitemple, first_ration, st_stairs_6, nicolae_ru_path_of_blood,
          uniq_robin

Skill      XL: |  1  2 |
---------------+-------+-----
Fighting       | 2 |  2.2
Unarmed Combat | 3 |  3.1
Armour         | |  0.7
Dodging        | |  1.5
Spellcasting   | |  2.1
Charms         | |  3.0

Action                   || total
-------------------------++-------
Melee: Unarmed           ||    18
       Club              ||    46
       Bite              ||    16
       Long sword        ||    29
       Punch             ||     1
 Cast: Infusion          ||     5
       Song of Slaying   ||     2
  Use: Potion            ||     1
 Stab: Sleeping          ||     1
Armor: Leather armour    ||    13
       Ring mail         ||    13
Dodge: Dodged            ||    70
       Rpst.: Long sword ||     4

Table legend:
 A = Spawn XP
 B = Non-spawn XP
 C = Spawn XP percentage of total XP
 D = Spawn monster count
 E = Non-spawn monster count
 F = Spawn count percentage of total count
 G = Total turns spent on level
                    A         B        C        D         E        F      G
               +---------+---------+-------+---------+---------+-------+---------
         Total |       0 |      43 |   0.0 |       0 |      26 |   0.0 |   398
               +---------+---------+-------+---------+---------+-------+---------
           D:1 |       0 |      31 |   0.0 |       0 |      19 |   0.0 |   294
           D:2 |       0 |      12 |   0.0 |       0 |       7 |   0.0 |   104
               +---------+---------+-------+---------+---------+-------+---------
